 Dungeon Crawl Stone Soup version 0.23-a0-310-gdcc7a32 (webtiles) character file.

145 Ijustatesigmund the Sneak (level 5, 0/31 HPs)
             Began as an Octopode Wizard on Oct 12, 2018.
             Was an Initiate of Cheibriados.
             Slain by a gnoll (3 damage)
             ... on level 3 of the Dungeon.
             The game lasted 00:08:41 (3215 turns).

Ijustatesigmund the Sneak (Octopode Wizard)         Turns: 3215, Time: 00:08:42

Health: 0/31       AC:  1    Str:  9 (12) XL:     5   Next: 27%
Magic:  3/9        EV: 19    Int: 16 (19) God:    Cheibriados [......]
Gold:   180        SH:  0    Dex: 17 (18) Spells: 4/10 levels left

rFire    . . .     SeeInvis .   b - +2 dagger (venom)
rCold    . . .     Gourm    .   (no shield)
rNeg     . . .     Faith    .   a - +0 hat
rPois    .         Spirit   .   (no amulet)
rElec    .         Reflect  .   (no ring)
rCorr    .         Harm     .   k - ring of flight
MR       .....                  (no ring)
Stlth    +++++.....             (no ring)
HPRegen  0.10/turn              (no ring)
MPRegen  0.11/turn              (no ring)
                                (no ring)
                                (no ring)

@: mighty, agile, flying, very slightly contaminated, very slow
A: almost no armour, stealthy swim, amphibious, 8 rings, constrict 8, camouflage
1, blink, deterioration 1, dopey 1, gelatinous body 1
a: Blink, Bend Time, Renounce Religion


You were on level 3 of the Dungeon.
You worshipped Cheibriados.
Cheibriados was noncommittal.
You were hungry.

You visited 1 branch of the dungeon, and saw 3 of its levels.

You collected 180 gold pieces.

Inventory:

Hand Weapons
 b - a +2 dagger of venom (weapon)
Armour
 a - a +0 hat (worn)
Jewellery
 k - a ring of flight (right tentacle)
Scrolls
 m - a scroll of amnesia
 n - 2 scrolls of remove curse
Potions
 d - a potion of lignification
 e - a potion of heal wounds
 g - a potion of agility
 h - 2 potions of curing
 l - a potion of degeneration
Comestibles
 c - 3 rations


   Skills:
 - Level 2.0 Dodging
 - Level 5.2 Stealth
 - Level 3.0 Spellcasting
 - Level 2.7 Conjurations
   Level 1.0 Summonings
 - Level 2.0 Translocations
 + Level 0.5 Air Magic
 + Level 0.5 Poison Magic
 + Level 1.2 Invocations


You had 4 spell levels left.
You knew the following spells:

 Your Spells              Type           Power        Failure   Level  Hunger
a - Magic Dart            Conj           ##..         6%          1    #......
b - Blink                 Tloc           N/A          12%         2    ##.....
c - Mephitic Cloud        Conj/Pois/Air  #.......     32%         3    ###....

Your spell library contained the following spells:

 Spells                   Type           Power        Failure   Level  Hunger
 Call Imp                 Summ           #.......     19%         2    ##.....
 Slow                     Hex            #.......     28%         2    ##.....
 Conjure Flame            Conj/Fire      #.......     32%         3    ###....


Dungeon Overview and Level Annotations

Branches:
Dungeon (3/15)

Altars:
Cheibriados


Innate Abilities, Weirdness & Mutations

You cannot wear most types of armour.
You are very stealthy in the water. (Stealth+)
You are amphibious.
You can wear up to eight rings at the same time.
You can use your tentacles to constrict eight enemies at once.
Your skin changes colour to match your surroundings (Stealth+).
Your rubbery body absorbs attacks. (AC +1, EV +1)
You can translocate small distances at will.
Your body sometimes deteriorates upon taking damage.
You are dopey. (Int -2)


Message History

The gnoll throws a stone.
The stone closely misses you.
The gnoll throws a stone.
The stone completely misses you.
You see here 2 stones.
Okay, then.
It was a potion of degeneration.
There was something very wrong with that liquid.
You feel weakened.
You feel dopey.
You feel clumsy.
It was a potion of might.
You feel very mighty all of a sudden.
The gnoll throws a stone.
The stone closely misses you.
It was a potion of flight.
You feel very buoyant.
You fly up into the air.
The gnoll throws a stone.
The stone closely misses you.
The gnoll throws a stone.
The stone closely misses you.
You see here 2 stones.
The gnoll throws a stone.
The stone misses you.
You see here a stone.
The gnoll hits you.
You die...

########### #.........#
###.#######.#####
##############
#...............#
#.(..(.(g(...†
#.#.#######.###.#
#.############ #....# #.#
#.###.######*** ## ##....#
###.###............,* #g
...<..####....((@g...#######,*
#) ...........(.####.#.## *,*
#g .............#....#.#
*,**#. .......###.....#..#.#
*,,,.. #......# #.#.#..[.#.#
****#g
#......###.#.##.#.#.#***** #.
#............##.#.#..>,,,* #.
#.......##.####.#.###***,* *,
...#######.# #.#.# *,* *,


You could see a gnoll.

Vanquished Creatures
  Robin (D:3)
  4 gnolls
  4 adders
  An ooze (D:1)
  A dart slug (D:2)
  3 leopard geckos (D:1)
  3 giant cockroaches
  11 goblins
  4 hobgoblins
  4 jackals
  A quokka (D:2)
  A ball python (D:1)
  4 bats
  2 frilled lizards
  4 kobolds
  4 rats
52 creatures vanquished.

Notes
Turn   | Place    | Note
-------+----------+-------------------------------------------
     0 | D:1      | Ijustatesigmund the Octopode Wizard began the quest for the
                  | Orb.
     0 | D:1      | Reached XP level 1. HP: 11/11 MP: 4/4
   185 | D:1      | Reached XP level 2. HP: 17/17 MP: 0/6
   190 | D:1      | Learned a level 2 spell: Blink
   553 | D:1      | Reached XP level 3. HP: 21/21 MP: 1/7
   558 | D:1      | Learned a level 3 spell: Mephitic Cloud
  1014 | D:2      | Reached skill level 3 in Stealth
  1154 | D:2      | Reached XP level 4. HP: 15/27 MP: 1/8
  1355 | D:2      | Reached skill level 4 in Stealth
  1835 | D:2      | Gained mutation: You are dopey. (Int -2) [potion of
                  | mutation]
  1835 | D:2      | Gained mutation: Your body sometimes deteriorates upon
                  | taking damage. [potion of mutation]
  1835 | D:2      | Gained mutation: You can translocate small distances at
                  | will. [potion of mutation]
  2100 | D:3      | HP: 1/27 [gnoll/spear (8)]
  2499 | D:2      | Found a snail-covered altar of Cheibriados.
  2502 | D:2      | Became a worshipper of Cheibriados the Contemplative
  2511 | D:2      | Reached skill level 5 in Stealth
  2993 | D:3      | Reached XP level 5. HP: 22/31 MP: 1/9
  3167 | D:3      | Noticed Robin
  3169 | D:3      | Reached skill level 1 in Invocations
  3181 | D:3      | Killed Robin
  3200 | D:3      | HP: 1/31 [gnoll/stone (5)]
  3215 | D:3      | Slain by a gnoll

Vault maps used:
D:1:      minmay_arrival_arboretum_large, minivault_14
D:2:      lemuel_crystal_altar, first_ration
D:3:      grunt_qazlal_sundering, uniq_robin, uniq_crazy_yiuf_cottage

Skill      XL: |  1  2  3  4  5 |
---------------+----------------+-----
Conjurations   | 2 |  2.7
Translocations | 2 |  2.0
Stealth        | 3 5 |  5.2
Invocations    | 1 |  1.2
Dodging        | |  2.0
Spellcasting   | |  3.0
Summonings     | |  1.0
Air Magic      | |  0.5
Poison Magic   | |  0.5

Action                   |  1- 3 |  4- 6 || total
-------------------------+-------+-------++-------
Melee: Unarmed           |     7 |       ||     7
       Short sword       |     7 |       ||     7
       Constrict         |     5 |     7 ||    12
       Tentacles         |     3 |     7 ||    10
       Dagger            |     5 |    18 ||    23
 Cast: Magic Dart        |    65 |    50 ||   115
       Blink             |       |     2 ||     2
       Mephitic Cloud    |       |     1 ||     1
 Abil: Blink             |       |     3 ||     3
  Use: Scroll            |     1 |    10 ||    11
       Potion            |       |     7 ||     7
 Stab: Sleeping          |     1 |       ||     1
  Eat: Chunk             |     1 |     3 ||     4
       Ration            |       |     1 ||     1
Armor: Skin              |     3 |     2 ||     5
Dodge: Dodged            |    21 |    34 ||    55

Table legend:
 A = Non-vault XP
 B = Vault XP
 C = Vault XP percentage of total XP
 D = Non-vault monster count
 E = Vault monster count
 F = Vault count percentage of total count
                 A         B        C        D         E       F
            +---------+---------+-------+---------+---------+-------
      Total |     179 |      29 |  13.9 |      44 |       8 |  15.4
            +---------+---------+-------+---------+---------+-------
        D:1 |      51 |       0 |   0.0 |      19 |       0 |   0.0
        D:2 |      98 |       0 |   0.0 |      21 |       0 |   0.0
        D:3 |      30 |      29 |  49.2 |       4 |       8 |  66.7
            +---------+---------+-------+---------+---------+-------
